cohdb
Replays
Latest Replays
All Replays
Popular Replays
Top Player Replays
Match Explorer
How It Works
Community
CoH3 Stats
Reddit
Sign in to upload your games and track your stats! →
Sign in with Steam
Match 36823632
Unlisted
Match 36823632
Overview
Messages
Build Orders
End
Kradschützen Motorcycle Team
Panzergrenadier Squad
Panzergrenadier Squad
250 Light Carrier
Construct Light Support Kompanie
MG34 Team
Fire Support Elements
Panzerjäger Squad
Flakvierling Half-track
Selects Armored Support Battlegroup
Selects Armored Support Battlegroup
Selects Superior Fire Drills
Construct Panzerarmee Kommand
MG34 Team
Selects Flammpanzer III Medium Tank
Flammpanzer III Medium Tank
2.5-tonne Medical Truck
Flammpanzer III Medium Tank
Pak 38 Anti-tank Gun Team
Selects Vehicle Awareness
Selects Panzer Storm
Armored Reserves
Vehicle Survival Package
Panzer IV Assault Group
MZMZ
DibbeTC
0
0
Comments
sign in to comment!
No comments posted yet!